 Dungeon Crawl Stone Soup version 0.27.1-3-gb3d3a73c9e (webtiles) character file.

Game seed: 4191517470350271327

48 sable the Skirmisher (level 3, -1/33 HPs)
             Began as a Hill Orc Fighter on Oct 30, 2021.
             Slain by Sigmund (2 damage)
             ... on level 2 of the Dungeon.
             The game lasted 00:08:41 (688 turns).

sable the Skirmisher (Hill Orc Fighter)              Turns: 688, Time: 00:08:41

Health: -1/33      AC:  8    Str: 19    XL:     3   Next: 72%
Magic:  3/3        EV:  7    Int:  8    God:
Gold:   14         SH:  9    Dex: 10    Spells: 2/2 levels left

rFire    . . .     SeeInvis .   a - +0 war axe
rCold    . . .     Faith    .   c - +0 kite shield
rNeg     . . .     Spirit   .   b - +0 scale mail
rPois    .         Reflect  .   (no helmet)
rElec    .         Harm     .   (no cloak)
rCorr    .         Rampage  .   (no gloves)
Will     .....                  k - +0 pair of boots
Stlth    ..........             (no amulet)
HPRegen  0.11/turn              (no ring)
MPRegen  0.08/turn              (no ring)

@: no status effects
A: no striking features
a: no special abilities


You were on level 2 of the Dungeon.
You visited 1 branch of the dungeon, and saw 2 of its levels.

You collected 14 gold pieces.

Inventory:

Hand Weapons
 a - a +0 war axe (weapon)
 h - a +0 dagger
Missiles
 f - 13 arrows
 m - 16 stones (quivered)
 o - a throwing net
Armour
 b - a +0 scale mail (worn)
 c - a +0 kite shield (worn)
 g - a scarf of harm
 j - a +0 kite shield
 k - a +0 pair of boots (worn)
Scrolls
 e - a scroll of fog {unknown}
 q - a scroll of magic mapping {unknown}
Potions
 d - a potion of might
 i - a potion of flight {unknown}
 l - a potion of lignification {unknown}
 n - a potion of resistance {unknown}
 p - a potion of curing {unknown}


   Skills:
 + Level 4.0 Fighting
 + Level 3.5 Axes
 + Level 3.6 Armour
 + Level 0.4 Dodging
 + Level 3.8 Shields


You had 2 spell levels left.
You didn't know any spells.
Your spell library was empty.

Dungeon Overview and Level Annotations

Branches:
Dungeon (2/15)

Altars:

Shops:
D:1 ?

Annotations:
D:2 Sigmund


Message History

You hit the kobold.
You kill the kobold!
Things that are here:
a +0 short sword; a kobold corpse You see here a +0 whip.
A kobold comes into view. It is wielding a +0 long sword.
Sigmund shouts!
Sigmund points at you and mumbles some strange words.
The puff of flame hits you!
Found a stone staircase leading up.
You block Sigmund's attack.
You hit Sigmund but do no damage. You slash the kobold!
You kill the kobold!
You block Sigmund's attack.
You closely miss Sigmund. Sigmund hits you but does no damage.
You barely miss Sigmund. You block Sigmund's attack.
You slash Sigmund!
Sigmund is moderately wounded.
Sigmund barely misses you.
You hit Sigmund but do no damage.
Sigmund is moderately wounded.
You block Sigmund's attack.
Your shield prevents you from hitting Sigmund.
Sigmund is moderately wounded.
You block Sigmund's attack.
You closely miss Sigmund.
Sigmund is moderately wounded.
Sigmund barely misses you.
You hit Sigmund.
Sigmund is heavily wounded.
Sigmund hits you with a +2 scythe of protection!
* * * LOW HITPOINT WARNING * * *
You barely miss Sigmund.
Sigmund is heavily wounded.
Sigmund casts a spell at you. The magic dart hits you.
* * * LOW HITPOINT WARNING * * *
You closely miss Sigmund.
Sigmund is heavily wounded.
Sigmund hits you with a +2 scythe of protection.
You die...

##### ...# #.#####.#########
#...)@..........#
.......@##.##)####.# .###..#.
#.##.####)#### #......#.
..##)#.......#
#####...##...<...##.#.##.##.#
###...........#.##.##.#.##.##†#
...........#.... .....#.##.##.#
.##..........#.. ..####.##.##.#
..#..#.# #.# #.##.##.#


You could see Sigmund.

Vanquished Creatures
  An adder (D:2)
  A worm (D:2)
  A dart slug (D:2)
  4 endoplasms (D:1)
  2 goblins (D:1)
  2 hobgoblins (D:1)
  3 jackals (D:1)
  3 quokkas
  A ball python (D:1)
  3 bats
  2 frilled lizards (D:1)
  7 kobolds
30 creatures vanquished.

Notes
Turn   | Place    | Note
-------+----------+-------------------------------------------
     0 | D:1      | sable the Hill Orc Fighter began the quest for the Orb.
     0 | D:1      | Reached XP level 1. HP: 19/19 MP: 1/1
    11 | D:1      | Found Joograet's Magic Scroll Boutique.
    91 | D:1      | Reached XP level 2. HP: 22/27 MP: 2/2
   181 | D:1      | Reached skill level 4 in Fighting
   538 | D:2      | Reached XP level 3. HP: 33/33 MP: 3/3
   647 | D:2      | Noticed Sigmund
   687 | D:2      | HP: 1/33 [Sigmund/magic dart (6)]
   688 | D:2      | Slain by Sigmund

Illustrated notes

Levels and vault maps discovered:
D:1:      minmay_arrival_arboretum_small, layout_basic, serial_shops, shop
D:2:      layout_loops_cross, st_stairs_2, uniq_sigmund

Skill      XL: |  1  2 |
---------------+-------+-----
Fighting       | 4 |  4.0
Axes           | 3 |  3.5
Armour         | |  3.6
Dodging        | |  0.4
Shields        | |  3.8

Action                   || total
-------------------------++-------
Melee: War axe           ||   108
Armor: Scale mail        ||    60
Dodge: Dodged            ||    36
Block: Kite shield       ||    53
